 Dungeon Crawl Stone Soup version 0.21-a0-59-g7b0e191 (webtiles) character file.

152427 Ijustatesigmund the Octopoid Aeon (level 17, 0/130 HPs)
             Began as an Octopode Conjurer on June 15, 2017.
             Was the Champion of Cheibriados.
             Slain by a red devil
             ... wielding a +2 demon trident of electrocution
             ... summoned by a deep elf mage
              (17 damage)
             ... on level 2 of the Elven Halls on June 16, 2017.
             The game lasted 03:08:31 (37541 turns).

Ijustatesigmund the Octopoid Aeon (OpCj)           Turns: 37541, Time: 03:08:32

Health: 0/130      AC:  1    Str: 20    XL:     17   Next: 58%
Magic:  39/39      EV: 23    Int: 36    God:    Cheibriados [******]
Gold:   1230       SH: 19    Dex: 31    Spells: 4/34 levels left

rFire    + + .     SeeInvis +   X - +9 morningstar (protect)
rCold    . . .     Gourm    .   O - +5 shield of Leapfrog {*Corrode MP+9 Slay+5 SInv}
rNeg     + + .     Faith    .   (helmet restricted)
rPois    +         Spirit   .   f - amulet of regeneration
rElec    .         Reflect  .   k - ring of poison resistance
rCorr    +         Harm     .   o - ring of resist corrosion
MR       +....                  q - ring of positive energy
Stlth    ++++++....             h - ring of Bioliuj {rF+ rN+}
HPRegen  0.71/turn              (no ring)
MPRegen  0.26/turn              (no ring)
                                (no ring)
                                (no ring)

@: very slow
A: almost no armour, stealthy swim, amphibious, 8 rings, constrict 8, tentacle
spike 1, camouflage 1, fire resistance 1, robust 1, weak 1, gelatinous body 1,
evolution 1
a: Bend Time, Temporal Distortion, Slouch, Step From Time, Renounce Religion


You were on level 2 of the Elven Halls.
You worshipped Cheibriados.
Cheibriados was exalted by your worship.
You were not hungry.

You visited 7 branches of the dungeon, and saw 29 of its levels.
You also visited: Ice Cave.

You collected 3101 gold pieces.
You spent 1871 gold pieces at shops.

Inventory:

Hand Weapons
 j - the +8 whip "Snakebite" {curare, rPois}
   (You found it on level 4 of the Lair of Beasts)

   It poisons the flesh of those it strikes.
   It protects you from poison.
 P - the +8 longbow "Hydra's Undoing" {flame, rC+ Int+7}
   (You acquired it on level 1 of the Lair of Beasts)

   It causes projectiles fired from it to burn those they strike, causing extra
   injury to most foes and up to half again as much damage against particularly
   susceptible opponents.
   It affects your intelligence (+7).
   It protects you from cold.
 X - a +9 morningstar of protection (weapon)
Missiles
 C - 7 poisoned tomahawks
 D - 500 arrows
 V - 2 javelins (quivered)
Armour
 y - a +0 buckler
 O - the +5 shield of Leapfrog (worn) {*Corrode MP+9 Slay+5 SInv}
   (You acquired it on level 1 of the Lair of Beasts)

   It affects your accuracy and damage with ranged weapons and melee attacks
   (+5).
   It affects your magic capacity (+9).
   It lets you see invisible.
   It may corrode you when you take damage.
Jewellery
 f - an amulet of regeneration (around mantle)
 h - the ring of Bioliuj (on tentacle) {rF+ rN+}
   (You found it in an ice cave)

   [ring of positive energy]

   It protects you from fire.
   It protects you from negative energy.
 k - a ring of poison resistance (left tentacle)
 o - a ring of resist corrosion (right tentacle)
 q - a ring of positive energy (on tentacle)
 N - a +4 amulet of reflection
Wands
 r - a wand of iceblast (0/15)
 w - a wand of digging (1/24)
 A - a wand of polymorph (16/24)
 B - a wand of lightning (3/15)
 E - a wand of acid (1/15)
 H - a wand of paralysis (0/24)
 M - a wand of flame (31/48)
 S - a wand of confusion (11/48)
 U - a wand of clouds (5/9)
 Y - a wand of iceblast (5/15)
Scrolls
 e - a scroll of identify
 l - a scroll of silence
 m - 8 scrolls of fog
 n - a scroll of teleportation
 s - 2 scrolls of amnesia
 J - 10 scrolls of remove curse
 Q - a scroll of magic mapping
 W - 4 scrolls of enchant armour
 Z - 2 scrolls of immolation
Potions
 c - 3 potions of curing
 d - 5 potions of brilliance
 i - 2 potions of cancellation
 x - 8 potions of flight
 I - 2 potions of resistance
 K - 2 potions of magic
Books
 a - a book of Minor Magic

   Spells                             Type                      Level
   a - Magic Dart                     Conjuration                  1
   b - Blink                          Translocation                2
   c - Call Imp                       Summoning                    2
   d - Slow                           Hexes                        2
   e - Conjure Flame                  Conjuration/Fire             3
   f - Mephitic Cloud                 Conjuration/Poison/Air       3
Comestibles
 b - 15 bread rations
 g - 13 meat rations
 t - 8 royal jellies
 T - 12 fruits


   Skills:
 - Level 11.8 Fighting
 - Level 10.6 Maces & Flails
   Level 1.1 Polearms
 - Level 4.8 Bows
 - Level 4.8 Throwing
 - Level 9.2 Dodging
 - Level 8.7 Stealth
 - Level 11.3 Shields
 + Level 9.0 Spellcasting
 + Level 8.9 Conjurations
 - Level 4.7 Hexes
 - Level 8.1 Charms
 - Level 4.1 Translocations
 - Level 4.2 Fire Magic
 - Level 5.6 Earth Magic
 - Level 13.3 Invocations
 - Level 4.8 Evocations


You had 4 spell levels left.
You knew the following spells:

 Your Spells              Type           Power        Failure   Level  Hunger
a - Magic Dart            Conj           ####         1%          1    None
b - Searing Ray           Conj           ######       1%          2    None
c - Dazzling Spray        Conj/Hex       ######       1%          3    None
d - Iskenderun's Mystic   Conj           ######..     1%          4    None
e - Fulminant Prism       Conj/Hex       ######....   2%          4    None
f - Confuse               Hex            ######..     1%          3    None
g - Stone Arrow           Conj/Erth      ######       1%          3    None
h - Iskenderun's Battles  Conj/Chrm      ######..     3%          5    ###....
i - Blink                 Tloc           N/A          1%          2    None
j - Conjure Flame         Conj/Fire      ######..     1%          3    None


Dungeon Overview and Level Annotations

Branches:
Dungeon (15/15)            Temple (1/1) D:4            Lair (6/6) D:10
 Shoals (1/4) Lair:3       Spider (2/4) Lair:2        Slime (0/5) Lair:6
    Orc (2/2) D:11            Elf (2/3) Orc:2        Vaults (0/5) D:13
 Depths (0/5) D:15

Altars:
Ashenzari
Cheibriados
Dithmenos
Elyvilon
Fedhas
Gozag
Hepliaklqana
Kikubaaqudgha
Makhleb
Nemelex Xobeh
Okawaru
Qazlal
Ru
Sif Muna
Trog
Vehumet
Wu Jian
Xom
Yredelemnul
Zin
The Shining One
Beogh

Shops:
D:5 !   D:10 *   D:15 :(}*   Orc:2 =[:(

Annotations:
Lair:3 exclusion: 2 oklob plants
Elf:2 3 runed doors


Innate Abilities, Weirdness & Mutations

You cannot wear most types of armour.
You are very stealthy in the water. (Stealth+)
You are amphibious.
You can wear up to eight rings at the same time.
You can use your tentacles to constrict eight enemies at once.
Your skin changes colour to match your surroundings (Stealth+).
Your rubbery body absorbs attacks. (AC +1, EV +1)
One of your tentacles bears a spike.
Your flesh is heat resistant. (rF+)
You are robust. (+10% HP)
You are weak. (Str -2)
You evolve.


Message History

Casting: Magic Dart
Confirm with . or Enter, or press ? or * to list all spells.
You blink.
The dire flail of holy wrath hits you!! The smoke demon gestures at you.
You block the sticky flame. The dire flail of holy wrath hits you.
You block the red devil's attack. The dire flail of holy wrath hits you!!
You block the red devil's attack.
You block the dire flail of holy wrath's attack.
The dire flail of holy wrath hits you! You block the red devil's attack.
The dire flail of holy wrath hits you!!
* * * LOW HITPOINT WARNING * * *
The smoke demon gestures at you. Something smites you!
* * * LOW HITPOINT WARNING * * *
You block the red devil's attack.
You block the dire flail of holy wrath's attack.
You block the smoke demon's attack. x2; The smoke demon hits you.
* * * LOW HITPOINT WARNING * * *
The red devil hits you with a demon trident of electrocution!
You die...

.. .... #. ..... #.
.##....###+###.#
#.....#......##.#
#..........e.##.#
+............##.###
#............##e..#
#.............4@.#
#...#.#.#.#.#3#(#
##)...).)....ss.#
#..#.)###'######
#..))##....#...#
#.)#.#..)..#...+
####....#.....')..+
+.....#.#..)..#...+
#......##....#...#


You could see a deep elf mage, a smoke demon, a red devil, a tarantella, a
redback and a dire flail of holy wrath.

Vanquished Creatures
  A fire giant (D:15)
  An orc warlord (Orc:2)
  An emperor scorpion (Spider:2)
  A deep elf sorcerer (Elf:1)
  A ghost moth (Spider:1)
  A deep elf elementalist (Elf:1)
  2 entropy weavers (Spider:1)
  Nessos (D:13)
  The ghost of xgamer67 the Brawler, a journeyman TrFi of Makhleb (D:14)
  Azrael (D:13)
  A great orb of eyes (D:10)
  3 hydras
  A deep elf high priest (Elf:1)
  A rakshasa (D:11)
  2 catoblepae
  A centaur warrior (D:14)
  10 dancing weapons
  A death knight (D:14)
  7 two-headed ogres
  An ogre mage (D:15)
  2 death yaks (Lair:6)
  2 tengu warriors
  7 orc high priests
  9 deep elf knights (Elf:1)
  A skeletal warrior (D:14)
  2 sea snakes (Shoals:1)
  A swamp dragon (Lair:5)
  2 deep elf archers (Elf:1)
  2 oklob plants (Lair:5)
  11 orc knights
  5 manticores
  11 wolf spiders
  6 ugly things
  10 orb spiders
  25 deep elf magi
  2 orc sorcerers
  2 cyclopes
  2 moths of wrath
  A centaur zombie (D:14)
  10 black mambas
  4 elephants
  A water nymph (shapeshifter) (D:14)
  16 spiny frogs
  A merfolk siren (Shoals:1)
  2 guardian serpents (shapeshifter)
  A torpor snail (Lair:6)
  2 ice statues (IceCv)
  Psyche (D:9)
  3 gargoyles
  A kobold demonologist (D:13)
  10 komodo dragons
  4 demonic crawlers
  2 freezing wraiths
  5 polar bears (Lair:6)
  A tengu conjurer (D:13)
  A queen bee (Lair:5)
  8 trolls
  15 jumping spiders
  3 meliai (Lair:5)
  Prince Ribbit (D:9)
  7 hornets
  8 blink frogs
  2 dream sheep (Lair:6)
  16 hippogriffs
  An air elemental (Elf:1)
  2 shadows
  2 water elementals (Elf:1)
  27 redbacks
  14 spriggans
  4 wraiths
  60 yaks
  16 tarantellas
  5 wyverns
  5 basilisks
  7 vampire mosquitoes
  5 fire elementals (D:13)
  A hungry ghost (D:14)
  A steam dragon (D:11)
  2 insubstantial wisps (D:11)
  2 wargs
  Edmund (D:6)
  21 water moccasins
  3 acid dragons
  A soldier ant (shapeshifter) (Elf:1)
  6 porcupines
  3 hell hounds (D:13)
  52 orc warriors
  10 ice beasts
  10 sky beasts
  5 black bears
  17 centaurs
  25 wolves
  4 boggarts (Lair:6)
  2 eyes of draining (D:12)
  14 ogres
  14 crocodiles
  3 big kobolds
  25 bullfrogs
  A gnoll sergeant (D:12)
  A wyvern zombie (D:7)
  2 earth elementals (Elf:1)
  10 scorpions
  3 wights (D:8)
  35 killer bees
  14 howler monkeys
  12 crimson imps
  4 hounds
  3 bullfrog skeletons
  A bullfrog zombie (D:13)
  3 centaur skeletons
  6 jellies
  35 orc priests
  Ijyb (D:3)
  Terence (D:2)
  25 orc wizards
  7 iguanas
  A hell rat (Lair:5)
  11 worker ants
  A hound zombie (D:11)
  A mummy (D:4)
  A worker ant zombie (D:6)
  A howler monkey skeleton (D:6)
  21 adders
  10 gnolls
  A river rat (Lair:5)
  5 shadow imps
  14 white imps
  An ooze (D:3)
  An adder skeleton (D:4)
  4 worms
  A dart slug (D:3)
  6 leopard geckos
  122 orcs
  A ball python (D:2)
  4 bats
  4 giant cockroaches
  22 goblins
  12 hobgoblins
  12 jackals
  22 kobolds
  5 quokkas
  9 frilled lizards
  A jackal skeleton (D:5)
  A leopard gecko skeleton (D:8)
  A leopard gecko zombie (D:5)
  6 rats
  A fungus (D:5)
1104 creatures vanquished.

Vanquished Creatures (collateral kills)
  A tarantella (Spider:2)
  An orc (D:9)
2 creatures vanquished.

Vanquished Creatures (others)
  5 dream sheep (D:3)
  A centaur (D:15)
  A hobgoblin (D:11)
  2 bushes (Lair:6)
  2 fulminant prisms (Elf:1)
  60 fungi
  53 plants
  4 tentacles (Shoals:1)
128 creatures vanquished.

Grand Total: 1234 creatures vanquished

Notes
Turn   | Place    | Note
-------+----------+-------------------------------------------
     0 | D:1      | Ijustatesigmund the Octopode Conjurer began the quest for the Orb.
     0 | D:1      | Reached XP level 1. HP: 11/11 MP: 3/3
   235 | D:1      | Reached XP level 2. HP: 9/17 MP: 0/5
   725 | D:1      | Learned a level 2 spell: Searing Ray
   801 | D:1      | Reached skill level 1 in Fighting
   801 | D:1      | Reached XP level 3. HP: 23/23 MP: 1/7
  1342 | D:2      | Found a glowing golden altar of the Shining One.
  1415 | D:2      | Gained mutation: You are agile. (Dex +2) [potion of mutation]
  1415 | D:2      | Gained mutation: You occasionally shout uncontrollably at your foes. [potion of mutation]
  1415 | D:2      | Gained mutation: One of your tentacles bears a spike. [potion of mutation]
  1424 | D:2      | Noticed Terence
  1434 | D:2      | Killed Terence
  1434 | D:2      | Reached XP level 4. HP: 26/30 MP: 2/8
  1439 | D:2      | Learned a level 3 spell: Dazzling Spray
  1671 | D:2      | Lost mutation: You are agile. (Dex +2) [potion of mutation]
  1671 | D:2      | Lost mutation: One of your tentacles bears a spike. [potion of mutation]
  1671 | D:2      | Lost mutation: You occasionally shout uncontrollably at your foes. [potion of mutation]
  1671 | D:2      | Gained mutation: One of your tentacles bears a spike. [potion of mutation]
  1671 | D:2      | Gained mutation: Your flesh is heat resistant. (rF+) [potion of mutation]
  1671 | D:2      | Gained mutation: You are robust. (+10% HP) [potion of mutation]
  1808 | D:2      | Found a white marble altar of Elyvilon.
  2036 | D:2      | Reached skill level 1 in Hexes
  2431 | D:3      | Reached XP level 5. HP: 38/38 MP: 5/9
  2437 | D:3      | Learned a level 4 spell: Iskenderun's Mystic Blast
  2467 | D:3      | Found a sacrificial altar of Ru.
  2598 | D:3      | Noticed Ijyb
  2622 | D:3      | Killed Ijyb
  3159 | D:3      | Found a shimmering altar of Xom.
  3159 | D:3      | Noticed a dream sheep
  3159 | D:3      | Noticed a dream sheep
  3159 | D:3      | Noticed a dream sheep
  3159 | D:3      | Noticed a dream sheep
  3159 | D:3      | Noticed a dream sheep
  3164 | D:3      | Killed a dream sheep
  3164 | D:3      | Killed a dream sheep
  3165 | D:3      | Killed a dream sheep
  3165 | D:3      | Killed a dream sheep
  3166 | D:3      | Killed a dream sheep
  3416 | D:4      | Reached skill level 1 in Maces & Flails
  3522 | D:4      | Reached XP level 6. HP: 45/45 MP: 3/10
  3651 | D:4      | Found a staircase to the Ecumenical Temple.
  3657 | Temple   | Entered the Ecumenical Temple
  4050 | D:4      | Found a snail-covered altar of Cheibriados.
  4438 | D:4      | Found an iron altar of Okawaru.
  4736 | D:5      | Entered Level 5 of the Dungeon
  4927 | D:5      | Reached skill level 5 in Dodging
  4927 | D:5      | Reached XP level 7. HP: 59/59 MP: 10/17
  5134 | D:5      | Reached skill level 5 in Conjurations
  5247 | D:5      | Reached XP level 8. HP: 51/67 MP: 7/19
  5264 | D:5      | Reached skill level 1 in Polearms
  5785 | D:5      | Reached skill level 1 in Shields
  6055 | D:5      | Found Jillag's Distillery.
  6058 | D:5      | Bought a potion of heal wounds for 65 gold pieces
  6058 | D:5      | Bought a potion of heal wounds for 65 gold pieces
  6058 | D:5      | Bought a potion of degeneration for 13 gold pieces
  6118 | D:5      | Found a glowing silver altar of Zin.
  6167 | D:5      | Found a stormy altar of Qazlal.
  6961 | D:6      | Found a deep blue altar of Sif Muna.
  7026 | D:6      | Noticed Edmund
  7059 | D:6      | Killed Edmund
  7059 | D:6      | Reached XP level 9. HP: 49/71 MP: 9/20
  8824 | D:4      | Became a worshipper of Cheibriados the Contemplative
  9022 | D:7      | Learned a level 4 spell: Fulminant Prism
  9338 | D:7      | Reached skill level 1 in Invocations
  9493 | D:7      | Reached skill level 2 in Invocations
  9772 | D:7      | Found a hazy altar of Hepliaklqana.
  9834 | D:7      | Reached * piety under Cheibriados
  9834 | D:7      | Reached skill level 3 in Invocations
 10051 | D:7      | Reached XP level 10. HP: 50/79 MP: 8/21
 10234 | D:7      | Found a snail-covered altar of Cheibriados.
 10686 | D:8      | Found an ancient bone altar of Kikubaaqudgha.
 10706 | D:8      | Reached skill level 4 in Invocations
 10934 | D:8      | Found a shadowy altar of Dithmenos.
 11252 | D:8      | Found a basalt altar of Yredelemnul.
 11454 | D:8      | Reached ** piety under Cheibriados
 11490 | D:8      | Reached skill level 5 in Invocations
 12105 | D:9      | Noticed Prince Ribbit
 12120 | D:9      | Killed Prince Ribbit
 12449 | D:9      | Noticed Psyche
 12450 | D:9      | Paralysed by Psyche for 5 turns
 12461 | D:9      | Killed Psyche
 12735 | D:9      | Reached skill level 6 in Invocations
 12943 | D:9      | Reached *** piety under Cheibriados
 13166 | D:10     | Entered Level 10 of the Dungeon
 13179 | D:10     | Found a staircase to the Lair.
 13391 | D:10     | HP: 2/79 [sky beast (6)]
 13836 | D:10     | Found Tippol's General Store.
 13844 | D:10     | Bought a potion of curing for 39 gold pieces
 13844 | D:10     | Bought a scroll of remove curse for 39 gold pieces
 14221 | D:10     | Noticed a four-headed hydra
 14227 | D:10     | Reached XP level 11. HP: 59/83 MP: 14/22
 14712 | D:11     | Noticed a rakshasa
 14928 | D:10     | Reached skill level 1 in Evocations
 15409 | D:10     | Reached **** piety under Cheibriados
 15514 | D:10     | Noticed a great orb of eyes
 15514 | D:10     | a four-headed hydra changed into a great orb of eyes
 15533 | D:10     | Killed a great orb of eyes
 15533 | D:10     | Reached skill level 5 in Maces & Flails
 15689 | D:10     | Noticed a two-headed ogre
 15700 | D:10     | Killed a two-headed ogre
 15834 | Lair:1   | Entered Level 1 of the Lair of Beasts
 16590 | Lair:1   | Identified 2 scrolls of acquirement
 16593 | Lair:1   | Got a crude longbow
 16660 | Lair:1   | Got a shimmering shield
 16671 | Lair:1   | Identified the +5 shield of Leapfrog {*Corrode MP+9 Slay+5 SInv} (You acquired it on level 1 of the Lair of Beasts)
 17219 | Lair:2   | Identified the +8 longbow "Hydra's Undoing" {flame, rC+ Int+7} (You acquired it on level 1 of the Lair of Beasts)
 17459 | Lair:2   | Reached skill level 5 in Shields
 17591 | Lair:2   | Found a hole to the Spider Nest.
 18247 | Lair:3   | Reached XP level 12. HP: 93/93 MP: 21/23
 18393 | Lair:2   | Reached ***** piety under Cheibriados
 19009 | Lair:3   | Reached skill level 7 in Invocations
 19057 | Lair:3   | Found a staircase to the Shoals.
 19731 | Lair:4   | Reached skill level 8 in Invocations
 20873 | Lair:5   | Reached skill level 9 in Invocations
 20969 | Lair:5   | Noticed a six-headed hydra
 20990 | Lair:6   | Entered Level 6 of the Lair of Beasts
 21298 | Lair:6   | Reached XP level 13. HP: 99/99 MP: 20/24
 21306 | Lair:6   | Reached ****** piety under Cheibriados
 21949 | Lair:6   | Reached skill level 10 in Invocations
 22415 | Lair:6   | Reached skill level 10 in Shields
 22765 | Lair:6   | Reached skill level 11 in Invocations
 22867 | Lair:6   | Found a staircase to the Slime Pits.
 23244 | Lair:6   | Reached XP level 14. HP: 69/106 MP: 25/25
 23593 | Lair:6   | Learned a level 3 spell: Confuse
 24169 | Lair:5   | Reached skill level 10 in Maces & Flails
 25291 | D:11     | Reached skill level 12 in Invocations
 25387 | D:11     | Found a staircase to the Orcish Mines.
 25430 | D:11     | Identified the Compendium of Creative Air
 25769 | D:12     | Found a shimmering altar of Xom.
 25795 | D:12     | Found a frozen archway.
 25857 | IceCv    | Entered an ice cave
 25945 | IceCv    | Found a transporter.
 25990 | IceCv    | Got a scintillating steel ring
 25991 | IceCv    | Identified the ring of Bioliuj {rF+ rN+} (You found it in an ice cave)
 27276 | D:13     | Found a gate to the Vaults.
 27278 | D:13     | Reached skill level 1 in Bows
 27403 | D:13     | Noticed Azrael
 27428 | D:13     | Killed Azrael
 27428 | D:13     | Reached skill level 10 in Fighting
 27578 | D:13     | Reached XP level 15. HP: 113/113 MP: 26/26
 27832 | D:13     | Noticed Nessos
 27841 | D:13     | Killed Nessos
 27905 | D:13     | Gained mutation: You are weak. (Str -2) [a neqoxec]
 28219 | D:15     | Entered Level 15 of the Dungeon
 28234 | D:14     | Noticed xgamer67's ghost (journeyman TrFi)
 28248 | D:14     | Killed xgamer67's ghost
 28410 | D:14     | Reached skill level 5 in Stealth
 29324 | Orc:1    | Entered Level 1 of the Orcish Mines
 29654 | Orc:2    | Entered Level 2 of the Orcish Mines
 29983 | Orc:2    | Noticed an orc warlord
 30116 | Orc:1    | Found a roughly hewn altar of Beogh.
 30461 | Orc:2    | Killed an orc warlord
 30769 | Orc:2    | Found a staircase to the Elven Halls.
 30910 | Orc:2    | Reached skill level 13 in Invocations
 31603 | Orc:2    | Found Zoeceicu's Weapon Emporium.
 31603 | Orc:2    | Found Fopnumur's Jewellery Emporium.
 31604 | Orc:2    | Found Ecwirano's Book Emporium.
 31604 | Orc:2    | Found Nierul's Antique Armour Shoppe.
 31618 | Orc:2    | Bought a book of Power for 720 gold pieces
 31618 | Orc:2    | Bought a book of Geomancy for 560 gold pieces
 31622 | Orc:2    | Learned a level 3 spell: Stone Arrow
 31628 | Orc:2    | Learned a level 5 spell: Iskenderun's Battlesphere
 31873 | Shoals:1 | Entered Level 1 of the Shoals
 31876 | Shoals:1 | Reached skill level 1 in Charms
 31879 | Shoals:1 | Noticed a kraken
 31887 | Shoals:1 | HP: 2/118 [tentacle[a kraken] (6)]
 32132 | Lair:2   | Reached XP level 16. HP: 85/125 MP: 27/27
 32203 | Spider:1 | Entered Level 1 of the Spider Nest
 32325 | Spider:1 | Reached skill level 5 in Charms
 33234 | Spider:2 | Reached skill level 1 in Earth Magic
 33433 | Spider:2 | HP: 6/125 [jumping spider (2)]
 33933 | Spider:1 | Reached skill level 5 in Earth Magic
 34485 | D:15     | Found Sirghe Soisi's Book Boutique.
 34502 | D:15     | Bought a book of Minor Magic for 280 gold pieces
 34505 | D:15     | Learned a level 2 spell: Blink
 34656 | D:15     | Found Xateu's Gadget Shop.
 34675 | D:15     | Reached skill level 1 in Translocations
 34803 | D:15     | Found a staircase to the Depths.
 35208 | D:15     | Upgraded the game from 0.21-a0-55-gb612c23 to 0.21-a0-59-g7b0e191
 35260 | D:15     | Found Siwav's Antique Weapon Boutique.
 35564 | D:15     | Found Gusm's General Store.
 35567 | D:15     | Bought a potion of curing for 54 gold pieces
 35567 | D:15     | Bought a scroll of identify for 36 gold pieces
 35828 | D:15     | Reached XP level 17. HP: 130/130 MP: 28/28
 36157 | Orc:1    | Gained mutation: You evolve. [a neqoxec]
 36219 | Elf:1    | Entered Level 1 of the Elven Halls
 36237 | Elf:1    | Learned a level 3 spell: Conjure Flame
 36448 | Elf:1    | Reached skill level 1 in Fire Magic
 37408 | Elf:2    | Found a runed gate.
 37409 | Elf:2    | Found a runed gate.
 37409 | Elf:2    | Found a runed gate.
 37541 | Elf:2    | Slain by a red devil

Vault maps used:
D:1:      minmay_arrival_stone_box, minmay_splitting_lines
D:2:      lemuel_crystal_altar, old_standard_altar, uniq_terence
D:3:      kennysheep_the_goblin_king, nicolae_ru_path_of_blood, first_bread,
          kb_xom_exploding_sheep
D:4:      kennysheep_okawaru_gauntlet, minmay_temple_entry_grid,
          chei_slow_surprise
D:5:      old_forge, lemuel_doored_altar, zin_scriptorium, serial_shops, shop
D:6:      corexii_shantytown, overflow_temple_1_default, uniq_edmund
D:7:      overflow_temple_1_default, nicolae_overflow_hidden_temple, the_bakery,
          serial_bayou_ford_a, minmay_nine_imps
D:8:      old_standard_altar, nicolae_dithmenos_shadow_blocks,
          kiku_gazebo_garden_becter
D:9:      fungi_pond_lemuel, hangedman_decor_opposing, uniq_psyche,
          uniq_prince_ribbit1
D:10:     lair_entry_dummy, serial_shops, shop_fountains
D:11:     erik_orc_4, hangedman_misty_isle
D:12:     basic_altar, portal_ice_cave_entry_imps
D:13:     erik_vaults_1, uniq_azrael, uniq_nessos
D:14:     minmay_misc_feat_nine_boxes
D:15:     grunt_enter_depths_giant_problem, serial_shops, shop_statue, shop,
          shop_fountains, shop, serial_park_avenue1
Temple:   jpeg_temple_island
Lair:2:   dummy_spider_entry
Lair:3:   minmay_shoals_entry_beasts, minmay_lair_oklob_chamber,
          lemuel_fruit_tree, serial_bayou_shore_b, grunt_megastairs_2
Lair:4:   minmay_guarded_unrand_snakebite
Lair:5:   regret_index_harrowing_hell_hive, hibernation_bobbens
Lair:6:   minmay_lair_end_enchanted_forest, slime_dummy, wad_woods_06
Shoals:1: nicolae_shoals_drake_roost
Spider:1: nicolae_crawler_farm
Spider:2: nicolae_spider_corner
Orc:1:    mines1_david
Orc:2:    st_orc_pillars
Elf:1:    elf_arrival_001, minivault_28
IceCv:    ice_cave_statue_garden_teleport

Skill      XL: |  1  2  3  4  5  6  7  8  9 10 11 12 13 14 15 16 17 |
---------------+----------------------------------------------------+-----
Spellcasting   | 3 7 9 |  9.0
Fighting       | 1 2 7 9 10 11 | 11.8
Hexes          | 1 2 3 4 |  4.7
Maces & Flails | 1 2 3 6 7 9 10 | 10.6
Stealth        | 3 4 8 |  8.7
Throwing       | 4 |  4.8
Dodging        | 5 6 7 9 |  9.2
Conjurations   | 5 6 8 |  8.9
Polearms       | 1 |  1.1
Shields        | 3 4 6 8 10 11 | 11.3
Invocations    | 3 6 9 11 12 13 | 13.3
Evocations     | 4 |  4.8
Bows           | 2 4 |  4.8
Charms         | 2 8 |  8.1
Earth Magic    | 5 |  5.6
Translocations | 4 |  4.1
Fire Magic     | 4 |  4.2

Action                   |  1- 3 |  4- 6 |  7- 9 | 10-12 | 13-15 | 16-18 || total
-------------------------+-------+-------+-------+-------+-------+-------++-------
Melee: Unarmed           |     9 |       |       |       |       |       ||     9
       Constrict         |     5 |     8 |    28 |    36 |   174 |    95 ||   346
       Tentacles         |     2 |     9 |    19 |    84 |   354 |   149 ||   617
       Whip              |    16 |    31 |       |       |       |       ||    47
       Kick              |     1 |     9 |    26 |   149 |   547 |   240 ||   972
       Spear             |       |       |   116 |    42 |       |       ||   158
       Mace              |       |       |       |   123 |       |       ||   123
       Morningstar       |       |       |       |    77 |   915 |   391 ||  1383
Throw: Javelin           |       |       |     7 |    10 |       |       ||    17
       Tomahawk          |       |       |       |     2 |       |       ||     2
 Cast: Magic Dart        |    64 |   146 |   215 |   600 |   440 |    99 ||  1564
       Searing Ray       |     1 |     6 |    25 |    35 |    19 |     2 ||    88
       Dazzling Spray    |       |       |     7 |    40 |    22 |     4 ||    73
       Confuse           |       |       |       |       |     1 |       ||     1
       Stone Arrow       |       |       |       |       |       |    45 ||    45
       Iskenderun's Batt |       |       |       |       |       |     8 ||     8
       Blink             |       |       |       |       |       |     2 ||     2
       Fulminant Prism   |       |       |       |       |       |     2 ||     2
Invok: Bend Time         |       |       |       |     1 |     1 |       ||     2
       Slouch            |       |       |       |       |    10 |     6 ||    16
       Step From Time    |       |       |       |       |     1 |     2 ||     3
Evoke: Wand              |       |       |     7 |    17 |    19 |    14 ||    57
  Use: Scroll            |     3 |    13 |     4 |    23 |    21 |    16 ||    80
       Potion            |     1 |     3 |     2 |     9 |     7 |    11 ||    33
 Stab: Sleeping          |       |     1 |    14 |     3 |    20 |    19 ||    57
       Invisible         |       |       |       |    13 |     3 |     1 ||    17
       Paralysed         |       |       |       |     2 |       |       ||     2
       Distracted        |       |       |       |     1 |    12 |    12 ||    25
       Petrified         |       |       |       |       |     1 |       ||     1
  Eat: Chunk             |     2 |     6 |     7 |    12 |    15 |     3 ||    45
       Bread ration      |       |     1 |     2 |     1 |       |       ||     4
       Fruit             |       |     1 |       |       |     4 |       ||     5
       Royal jelly       |       |       |       |       |     2 |     5 ||     7
Armor: Skin              |     3 |     2 |     2 |    27 |    66 |    27 ||   127
Dodge: Dodged            |    18 |    42 |   101 |   412 |   574 |   323 ||  1470
Block: Buckler           |       |       |    39 |    59 |       |       ||    98
       Shield            |       |       |       |   349 |  1153 |   529 ||  2031
